 Dungeon Crawl Stone Soup version 0.25-a0-663-gace7076 (webtiles) character file.

Game seed: 14921174227870354973, levelgen mode: deterministic

23 Lindan9 the Skirmisher (level 2, 0/24 HPs)
             Began as a Demonspawn Chaos Knight on Mar 25, 2020.
             Was a Plaything of Xom.
             Slain by an iron imp (7 damage)
             ... summoned by Xom
             ... on level 1 of the Dungeon.
             The game lasted 00:04:02 (386 turns).

Lindan9 the Skirmisher (Demonspawn Chaos Knight)     Turns: 386, Time: 00:04:02

Health: 0/24       AC:  5    Str: 12    XL:     2   Next: 75%
Magic:  2/2        EV: 11    Int: 13    God:    Xom [......]
Gold:   0          SH:  0    Dex: 14    Spells: 1/1 levels left

rFire    . . .     SeeInvis .   a - +0 mace (chaos)
rCold    . . .     Gourm    .   (no shield)
rNeg     . . .     Faith    .   b - +2 leather armour
rPois    .         Spirit   .   (no helmet)
rElec    .         Reflect  .   (no cloak)
rCorr    .         Harm     .   (no gloves)
MR       .....                  (no boots)
Stlth    ++........             (no amulet)
HPRegen  0.08/turn              (no ring)
MPRegen  0.08/turn              (no ring)

@: no status effects
A: thin skeletal structure 1
a: Renounce Religion


You were on level 1 of the Dungeon.
You worshipped Xom.
You were a very special plaything of Xom.
You were not hungry.

You visited 1 branch of the dungeon, and saw 1 of its levels.

Inventory:

Hand Weapons
 a - a +0 mace of chaos (weapon)
Armour
 b - a +2 leather armour (worn)
 d - a +0 kite shield
Scrolls
 f - a scroll of identify {unknown}
 g - a scroll of noise {unknown}
Potions
 e - a potion of berserk rage {unknown}
Comestibles
 c - 2 rations


   Skills:
 + Level 3.6 Fighting
 + Level 3.1 Maces & Flails
 + Level 1.7 Armour
 + Level 0.9 Dodging


You had one spell level left.
You didn't know any spells.
Your spell library was empty.

Dungeon Overview and Level Annotations

Branches:
Dungeon (1/15)

Altars:


Innate Abilities, Weirdness & Mutations

You have a somewhat thin skeletal structure. (Dex +2, Stealth)


Message History

The iron imp is heavily wounded.
The iron imp barely misses you.
You closely miss the iron imp.
The iron imp is heavily wounded.
The iron imp barely misses you.
A hobgoblin comes into view. It is wielding a +0 club.
You barely miss the iron imp.
The iron imp is heavily wounded.
The hobgoblin shouts!
The iron imp shouts, "Embrace submission, thou errant ruttish joithead!"
The iron imp misses you.
You closely miss the iron imp.
The iron imp is heavily wounded.
The hobgoblin barely misses you. The iron imp hits you.
* * * LOW HITPOINT WARNING * * *
You hit the iron imp.
The iron imp seems to speed up.
The iron imp is heavily wounded.
The iron imp hits you!
You die... "It was about time."

....# .### ###..###....
...## #........# #...# #
#.#.#.#..# #...#
..########........# #...#
#.......##.#.#.#.## #...#
#.......##.......######....
#.......##.#.#.#.#.........
#.........@5..........(.(..
#.......#†g..#.###.........
#.......#.####.# ##.......#
#............#.###..≈....(.
######.##.##....)..≈.≈w..(#
#. #.##....#..≈.≈....( #.
#.....#...≈..≈...). #.
####.....≈...≈...#†
.......≈...≈.###.


You could see an iron imp and a hobgoblin.

Vanquished Creatures
  An ooze (D:1)
  2 dart slugs (D:1)
  A giant cockroach (D:1)
  2 goblins (D:1)
  3 jackals (D:1)
  3 kobolds (D:1)
  A frilled lizard (D:1)
  A rat (D:1)
14 creatures vanquished.

Notes
Turn   | Place    | Note
-------+----------+-------------------------------------------
     0 | D:1      | Lindan9 the Demonspawn Chaos Knight began the quest for the
                  | Orb.
     0 | D:1      | Reached XP level 1. HP: 18/18 MP: 1/1
     9 | D:1      | XOM: potion effect (brilliance)
    21 | D:1      | XOM: harmless Conj miscast
    54 | D:1      | Gained mutation: You have a somewhat thin skeletal
                  | structure. (Dex +2, Stealth) [demonic ancestry]
    54 | D:1      | Reached XP level 2. HP: 14/24 MP: 2/2
    77 | D:1      | XOM: confusion
    98 | D:1      | HP: 1/24 [dart slug/slug dart (4)]
   378 | D:1      | XOM: summons 1 hostile demon
   386 | D:1      | Slain by an iron imp

Levels and vault maps discovered:
D:1:      ebering_trefoil_3fold, layout_loops_cross, serial_glass,
          glass_columns_a, glass_columns_b, glass_columns_a, glass_columns_b,
          glass_columns_b, glass_columns_a, glass_columns_a, glass_columns_b

Skill      XL: |  1  2 |
---------------+-------+-----
Maces & Flails | 3 |  3.1
Fighting       | |  3.6
Armour         | |  1.7
Dodging        | |  0.9

Action                   || total
-------------------------++-------
Melee: Mace              ||    63
 Stab: Petrifying        ||     2
Armor: Leather armour    ||    27
Dodge: Dodged            ||    53

Table legend:
 A = Non-vault XP
 B = Vault XP
 C = Vault XP percentage of total XP
 D = Non-vault monster count
 E = Vault monster count
 F = Vault count percentage of total count
                 A         B        C        D         E       F
            +---------+---------+-------+---------+---------+-------
      Total |      34 |       0 |   0.0 |      14 |       0 |   0.0
            +---------+---------+-------+---------+---------+-------
        D:1 |      34 |       0 |   0.0 |      14 |       0 |   0.0
            +---------+---------+-------+---------+---------+-------
